 Dungeon Crawl Stone Soup version 0.24.0-13-gcf9b319 (webtiles) character file.

Game seed: 289950973844908144, levelgen mode: deterministic

247 Bloodocean7 the Slasher (level 5, 0/47 HPs)
             Began as a Minotaur Berserker on Feb 17, 2020.
             Was a Priest of Trog.
             Slain by an adder (3 damage)
             ... on level 4 of the Dungeon.
             The game lasted 00:12:13 (1267 turns).

Bloodocean7 the Slasher (Minotaur Berserker)        Turns: 1267, Time: 00:12:14

Health: 0/47       AC: 11    Str: 23    XL:     5   Next: 85%
Magic:  4/4        EV:  7    Int:  4    God:    Trog [***...]
Gold:   31         SH:  0    Dex:  9    Spells: 4/4 levels left

rFire    . . .     SeeInvis .   a - +0 falchion
rCold    . . .     Gourm    .   (no shield)
rNeg     . . .     Faith    .   r - +0 plate armour
rPois    .         Spirit   .   (helmet restricted)
rElec    .         Reflect  .   (no cloak)
rCorr    .         Harm     .   (no gloves)
MR       .....                  (no boots)
Stlth    ..........             (no amulet)
HPRegen  0.15/turn              (no ring)
MPRegen  0.09/turn              (no ring)

@: no status effects
A: retaliatory headbutt, horns 2
a: Berserk, Trog's Hand, Renounce Religion


You were on level 4 of the Dungeon.
You worshipped Trog.
Trog was most pleased with you.
You were not hungry.

You visited 1 branch of the dungeon, and saw 4 of its levels.

You collected 31 gold pieces.

Inventory:

Hand Weapons
 a - a +0 falchion (weapon)
Armour
 b - a +0 animal skin
 d - a +0 leather armour
 i - a +0 cloak
 r - a +0 plate armour (worn)
 v - a +0 plate armour
Jewellery
 m - a +4 ring of intelligence {unknown}
 y - an uncursed ring of magical power {unknown}
 C - a +4 amulet of reflection {unknown}
Wands
 B - a wand of paralysis (3)
Scrolls
 e - 2 scrolls of magic mapping {unknown}
 g - a scroll of enchant weapon {unknown}
 h - 5 scrolls of identify {unknown}
 j - a scroll of fear {unknown}
 l - a scroll of enchant armour {unknown}
 o - 2 scrolls of teleportation {unknown}
 t - 2 scrolls of random uselessness {unknown}
 u - a scroll of blinking {unknown}
 w - a scroll of remove curse {unknown}
 z - 3 scrolls of immolation {unknown}
Potions
 f - a potion of resistance {unknown}
 k - 3 potions of magic {unknown}
 n - a potion of brilliance {unknown}
 p - 2 potions of curing {unknown}
 q - a potion of lignification {unknown}
 s - a potion of might {unknown}
 x - a potion of berserk rage {unknown}
 A - 3 potions of haste {unknown}
 D - a potion of heal wounds {unknown}
Comestibles
 c - 3 rations


   Skills:
 + Level 4.9 Fighting
 + Level 6.3 Long Blades
 + Level 3.3 Armour
 + Level 3.2 Dodging


You had 4 spell levels left.
You didn't know any spells.
Your spell library was empty.

Dungeon Overview and Level Annotations

Branches:
Dungeon (4/15)
 Temple: D:4-7

Altars:
Ashenzari
Xom


Innate Abilities, Weirdness & Mutations

You reflexively headbutt those who attack you in melee.
You have a pair of horns on your head.


Message History

The gnoll hits you but does no damage. x2
You slash the gnoll! Your headbutt misses the gnoll.
The gnoll is heavily wounded.
The gnoll hits you but does no damage.
You hit the gnoll.
You headbutt the gnoll, but do no damage.
The gnoll is severely wounded.
The gnoll hits you but does no damage.
You slash the gnoll!
You kill the gnoll!
Trog accepts your kill.
You closely miss the adder.
The adder bites you but does no damage. x2
You barely miss the adder. You headbutt the adder.
The adder is lightly wounded.
The adder bites you.
* * * LOW HITPOINT WARNING * * *
You hit the adder.
The adder is moderately wounded.
The adder bites you.
You die...

#############
#....S@.....#
#.#########.#
##.##
######.S.####
.#.
#......#.†..#
...
.(...##...#..#
#.# ##.#
##.##..# #.# #
#.##..# #.#
#)##..# ##.##


You could see an adder.

Vanquished Creatures
  A big kobold (D:3)
  A gnoll shaman (D:4)
  2 gnolls (D:4)
  5 adders
  2 worms (D:2)
  3 dart slugs
  7 leopard geckos
  6 orcs (D:3)
  3 bats
  6 giant cockroaches
  3 hobgoblins
  5 kobolds
  2 quokkas
  A ball python (D:1)
  7 frilled lizards
  4 goblins
  4 rats
62 creatures vanquished.

Notes
Turn   | Place    | Note
-------+----------+-------------------------------------------
     0 | D:1      | Bloodocean7 the Minotaur Berserker began the quest for the
                  | Orb.
     0 | D:1      | Reached XP level 1. HP: 19/19 MP: 0/0
   222 | D:1      | Reached skill level 4 in Long Blades
   222 | D:1      | Reached XP level 2. HP: 27/27 MP: 1/1
   475 | D:2      | Reached XP level 3. HP: 30/33 MP: 2/2
   483 | D:2      | You fall into a shaft and drop 1 floor!
   522 | D:3      | Reached ** piety under Trog
   587 | D:3      | Noticed a big kobold
   595 | D:3      | Killed a big kobold
   595 | D:3      | Reached skill level 5 in Long Blades
   595 | D:3      | Reached XP level 4. HP: 18/41 MP: 3/3
   715 | D:3      | Reached XP level 5. HP: 37/47 MP: 4/4
   985 | D:2      | Found a shattered altar of Ashenzari.
  1026 | D:2      | Found a shimmering altar of Xom.
  1026 | D:2      | Found a shimmering altar of Xom.
  1055 | D:2      | Found a shimmering altar of Xom.
  1055 | D:2      | Found a shimmering altar of Xom.
  1226 | D:4      | Reached *** piety under Trog
  1247 | D:4      | Reached skill level 6 in Long Blades
  1267 | D:4      | Slain by an adder

Levels and vault maps discovered:
D:1:      minmay_arrival_doors, layout_loops_ring, minmay_split_cup_small
D:2:      layout_loops_cross, overflow_temple_1_default, tso_metal_star,
          kennysheep_slug_shrine, xom_redecorated
D:3:      layout_rooms
D:4:      layout_loops_ring, nicolae_ru_path_of_blood,
          grunt_temple_overflow_open, serial_shops, shop_statue, uniq_menkaure

Skill      XL: |  1  2  3  4  5 |
---------------+----------------+-----
Long Blades    | 4 5 6 |  6.3
Fighting       | 4 |  4.9
Armour         | 3 |  3.3
Dodging        | 3 |  3.2

Action                   |  1- 3 |  4- 6 || total
-------------------------+-------+-------++-------
Melee: Falchion          |    70 |    84 ||   154
       Headbutt          |    10 |    20 ||    30
  Eat: Ration            |       |     1 ||     1
Armor: Leather armour    |    20 |       ||    20
       Animal skin       |     1 |       ||     1
       Plate armour      |       |    66 ||    66
Dodge: Dodged            |    54 |    40 ||    94
       Rpst.: Falchion   |     7 |     8 ||    15
